AoeStats
← Tunga

Arabia

505242125Analyzed
1v1 RM · 25d ago on Sep 8, 2026· 42m 56s· 2 players
Game mode
Random Map
Map size
Tiny (2 player)
Population
200
Speed
Normal
Resources
Standard
Victory
Conquest
Starting age
Dark Age
Ending age
Imperial Age
RankedLock teamsTeams togetherTeam positionsShared explorationLock speedFull tech treeHidden civsTurbo modeCheats
Victory
Defeat
🇩🇪 Goths · Germany
814
+14
🇹🇷 Cumans · Türkiye
773
-14
Tunga
11:55 Feudal Age
10:10 Loom
13:25 Wheelbarrow
30:05 Castle Age
29:24 Double-Bit Axe
29:26 Horse Collar
30:10 Padded Archer Armor
30:01 Fletching
31:14 Hand Cart
36:13 Crossbowman
40:21 Thumb Ring
Petus the Pungent
1:59 Loom
11:20 Feudal Age
11:52 Double-Bit Axe
11:30 Man-at-Arms
14:58 Horse Collar
22:39 Castle Age
23:56 Squires
23:20 Long Swordsman
24:13 Forging
24:04 Scale Mail Armor
29:03 Heavy Plow
35:03 Anarchy
45:02 Imperial Age
Connection lost

Rejoining the realm…

Still unreachable

The connection could not be restored.

Session expired

The server has moved on; the page needs a fresh start.